 Dungeon Crawl Stone Soup version 0.18.1-48-g4cf74bf (webtiles) character file.

1813 lawna the Ducker (level 8, -2/80 HPs)
             Began as a Troll Berserker on Sept 4, 2016.
             Was a High Priest of Trog.
             Slain by a killer bee (3 damage)
             ... on level 9 of the Dungeon.
             The game lasted 00:27:19 (4943 turns).

lawna the Ducker (Troll Berserker)                  Turns: 4943, Time: 00:27:21

Health: -2/80      AC:  9    Str: 26    XL:     8   Next: 84%
Magic:  7/7        EV: 12    Int:  3    God:    Trog [*****.]
Gold:   395        SH:  0    Dex: 11    Spells: 0 memorised, 7 levels left

rFire  . . .     SeeInvis .       - Unarmed
rCold  . . .     Gourm    +     z - +2 robe {MR+}
rNeg   . . .     Faith    .     (no shield)
rPois  +         Spirit   .     g - +2 hat
rElec  .         Dismiss  .     (no cloak)
rCorr  +         Reflect  .     (gloves unavailable)
SustAt .         Harm     .     (boots unavailable)
MR     +....                    u - amulet of inaccuracy (curse)
Stlth  +.........               y - ring of resist corrosion
                                k - ring of poison resistance

@: very slightly contaminated, hasted, very quick, somewhat resistant to hostile
enchantments, very unstealthy
A: unfitting armour, claws 3, fast metabolism 3, gourmand, sense surroundings 1,
regeneration 2, shaggy fur 1, tough skin 2, wild magic 1
a: Berserk, Trog's Hand, Brothers in Arms, Burn Spellbooks, Renounce Religion


You were on level 9 of the Dungeon.
You worshipped Trog.
Trog was extremely pleased with you.
You were full.

You visited 1 branch of the dungeon, and saw 7 of its levels.

You collected 395 gold pieces.

Inventory:

Missiles
 s - 15 poisoned needles (quivered)
Armour
 a - a +0 animal skin
 e - a +0 robe
 g - a +2 hat (worn)
 z - a +2 robe of magic resistance (worn)
Jewellery
 k - a ring of poison resistance (left claw)
 l - an uncursed ring of flight
 u - a cursed amulet of inaccuracy (around neck)
 y - a ring of resist corrosion (right claw)
Wands
 q - a wand of lightning (4/15)
 r - a wand of flame (30/48)
 v - a wand of acid (3/15)
Scrolls
 d - 3 scrolls of recharging
 h - 8 scrolls of identify
 j - 8 scrolls of remove curse
 w - a scroll of immolation
Potions
 c - 5 potions of might
 i - 2 potions of agility
 n - a potion of invisibility
Comestibles
 b - 8 bread rations
 f - 3 beef jerkies
 m - 2 royal jellies
 p - 3 fruits
 x - a meat ration


   Skills:
 + Level 5.3 Fighting
 + Level 7.0 Dodging
 - Level 0.1 Stealth
 + Level 6.8 Unarmed Combat


You had 7 spell levels left.
You didn't know any spells.

Dungeon Overview and Level Annotations

Branches:
Dungeon (6/15)             Temple (0/1) D:4

Altars:
Gozag
Kikubaaqudgha

Annotations:
D:5 !


Innate Abilities, Weirdness & Mutations

You are too large for most types of armour.
You have claws for hands.
Your metabolism is lightning-fast.
You like to eat raw meat.
You heal very quickly.
You are covered in fur (AC +1).
You have very tough skin (AC +2).
You passively map a small area around you.
Your spells are a little harder to cast, but a little more powerful.


Message History

* * * LOW HITPOINT WARNING * * *
You claw the killer bee!
The killer bee is severely wounded.
The killer bee misses you. The killer bee stings you.
* * * LOW HITPOINT WARNING * * *
The killer bee misses you.
You miss the killer bee.
The killer bee is severely wounded.
The killer bee closely misses you. The killer bee barely misses you.
The killer bee stings you.
* * * LOW HITPOINT WARNING * * *
The killer bee closely misses you.
You claw the killer bee!
You kill the killer bee!
Trog accepts your kill.
Your Dodging skill increases to level 7!
The killer bee barely misses you.
The giant frog skeleton hits you but does no damage.
The killer bee stings you.
You die...

* * ########+###
* #..........# *
, #..........#
#..........#
####..........#
,
#.†'.......@..#*
,
#.##......yyZ.#,
, +..
*#<.........# *
, #.*
#..........# , #
* #..........+,
, , ,,,
#.>........# ,
############ , _
* ,


You could see 2 killer bees and a giant frog skeleton.

Vanquished Creatures
  Prince Ribbit (D:5)
  Sigmund (D:6)
  Menkaure (D:4)
  A black bear (D:4)
  2 ogres
  A giant frog (D:6)
  2 scorpions (D:5)
  4 killer bees (D:9)
  2 crimson imps (D:5)
  A giant frog zombie (D:5)
  2 hounds (D:5)
  A centaur skeleton (D:4)
  A jelly (D:5)
  An orc wizard (D:5)
  2 iguanas
  Natasha (thrice) (D:2)
  5 worker ants
  3 gnolls (D:2)
  2 worker ant zombies (D:5)
  8 adders
  2 shadow imps (D:6)
  An ooze (D:2)
  An adder zombie (D:6)
  2 worms
  7 dart slugs
  6 giant geckos
  14 orcs
  8 giant cockroaches
  8 goblins
  8 hobgoblins
  12 jackals
  2 quokkas
  A ball python (D:2)
  8 bats
  2 giant gecko skeletons
  A giant newt (D:4)
  9 kobolds
  6 rats
142 creatures vanquished.

Notes
Turn   | Place    | Note
--------------------------------------------------------------
     0 | D:1      | lawna the Troll Berserker began the quest for the Orb.
     0 | D:1      | Reached XP level 1. HP: 22/22 MP: 0/0
   125 | D:1      | Reached XP level 2. HP: 24/29 MP: 1/1
   519 | D:1      | Reached ** piety under Trog
   552 | D:1      | Reached XP level 3. HP: 36/36 MP: 2/2
   872 | D:2      | Noticed Natasha
   882 | D:2      | Killed Natasha
   882 | D:2      | Reached XP level 4. HP: 30/45 MP: 3/3
   921 | D:2      | Reached skill level 3 in Dodging
  1034 | D:2      | Noticed Natasha
  1036 | D:2      | Killed Natasha
  1081 | D:2      | Gained mutation: Your spells are a little harder to cast, but a little more powerful. [potion of mutation]
  1081 | D:2      | Gained mutation: You passively map a small area around you. [potion of mutation]
  1167 | D:2      | Reached XP level 5. HP: 45/53 MP: 4/4
  1264 | D:2      | Noticed Natasha
  1270 | D:2      | Killed Natasha
  1375 | D:2      | Reached *** piety under Trog
  1525 | D:3      | Reached skill level 4 in Dodging
  2016 | D:4      | Found a staircase to the Ecumenical Temple.
  2023 | D:4      | Reached XP level 6. HP: 61/61 MP: 5/5
  2070 | D:4      | Reached **** piety under Trog
  2216 | D:4      | HP: 1/61 [ogre/giant club (20)]
  2533 | D:4      | Reached skill level 5 in Unarmed Combat
  2746 | D:4      | Reached XP level 7. HP: 68/68 MP: 6/6
  2750 | D:4      | Noticed Menkaure
  2770 | D:4      | Killed Menkaure
  3108 | D:5      | Entered Level 5 of the Dungeon
  3137 | D:5      | Reached skill level 5 in Dodging
  3299 | D:5      | Noticed Prince Ribbit
  3342 | D:5      | Found an ancient bone altar of Kikubaaqudgha.
  3523 | D:5      | Found an opulent altar of Gozag.
  3889 | D:5      | Killed Prince Ribbit
  3889 | D:5      | Reached XP level 8. HP: 34/79 MP: 7/7
  4031 | D:5      | Reached skill level 6 in Dodging
  4504 | D:6      | Noticed Sigmund
  4548 | D:6      | Killed Sigmund
  4588 | D:6      | Reached skill level 5 in Fighting
  4611 | D:6      | Reached ***** piety under Trog
  4887 | D:6      | You fall through a shaft for 3 floors!
  4942 | D:9      | HP: 1/80 [killer bee (6)]
  4943 | D:9      | Reached skill level 7 in Dodging
  4943 | D:9      | Slain by a killer bee

Skill      XL: |  1  2  3  4  5  6  7  8 |
---------------+-------------------------+-----
Fighting       | 3 4 5 |  5.3
Dodging        | 3 4 5 7 |  7.0
Unarmed Combat | 4 5 6 |  6.8
Stealth        | |  0.1

Action                   |  1- 3 |  4- 6 |  7- 9 || total
-------------------------+-------+-------+-------++-------
Melee: Unarmed           |    77 |   183 |   251 ||   511
       Punch             |       |     4 |     1 ||     5
Invok: Berserk           |     1 |       |       ||     1
  Use: Potion            |     2 |     5 |     7 ||    14
       Scroll            |     2 |     4 |     4 ||    10
 Stab: Sleeping          |       |       |     1 ||     1
  Eat: Chunk             |     7 |    21 |    20 ||    48
Armor: Animal skin       |    28 |    67 |    41 ||   136
       Robe              |       |       |    27 ||    27
Dodge: Dodged            |    50 |   121 |   159 ||   330
